 Dungeon Crawl Stone Soup version 0.31-a0-37-g98a128e1d9 (webtiles) character file.

Game seed: 5241219889595759626

840 pk666 the Magician (level 7, -1/35 (36) HPs)
             Began as a Deep Elf Hedge Wizard on May 15, 2023.
             Slain by Duvessa
             ... wielding a +0 rapier
              (14 damage)
             ... on level 2 of the Dungeon.
             The game lasted 00:12:13 (4587 turns).

pk666 the Magician (Deep Elf Hedge Wizard)          Turns: 4587, Time: 00:12:16

HP:   -1/35 (36)    AC:  2    Str:  7    XL:     7   Next: 67%
MP:   15/19         EV: 13    Int: 21    God:
Gold: 114           SH:  0    Dex: 14    Spells: 14/20 levels left

rFire   . . .        i - staff of conjuration
rCold   . . .        (no shield)
rNeg    . . .        b - +0 robe
rPois   .            c - +0 hat
rElec   .            (no cloak)
rCorr   .            (no gloves)
SInv    .            (no boots)
Will    .....        (no amulet)
Stlth   ++           (no ring)
HPRegen 0.25/turn    (no ring)
MPRegen 0.16/turn

%: no passive effects
@: brilliant, lightly drained
A: no striking features
a: no special abilities


You were on level 2 of the Dungeon.
You visited 1 branch of the dungeon, and saw 4 of its levels.

You collected 114 gold pieces.

Inventory:

Armour
 b - a +0 robe (worn)
 c - a +0 hat (worn)
Magical Staves
 i - a staff of conjuration (weapon)
Jewellery
 l - a +6 ring of intelligence
 n - an amulet of regeneration
 p - a ring of protection from fire
Scrolls
 a - 2 scrolls of magic mapping
 e - a scroll of blinking
 f - 8 scrolls of identify
 q - a scroll of fog {unknown}
 s - a scroll of teleportation {unknown}
 u - a scroll of enchant armour {unknown}
 v - a scroll of enchant weapon {unknown}
Potions
 d - 2 potions of magic
 h - a potion of heal wounds {unknown}
 k - a potion of might {unknown}
 m - a potion of haste {unknown}
 r - a potion of mutation {unknown}
 t - a potion of attraction {unknown}
 w - a potion of flight {unknown}
 x - 2 potions of berserk rage {unknown}


   Skills:
 + Level 4.5 Dodging
 - Level 2.4 Stealth
 + Level 7.4 Spellcasting
 + Level 5.0 Conjurations
 - Level 1.1 Summonings
 - Level 2.0 Translocations
 + Level 3.3 Fire Magic
 - Level 2.0 Air Magic
 - Level 2.0 Poison Magic


You had 14 spell levels left.
You knew the following spells:

 Your Spells              Type           Power      Damage    Failure   Level
a - Magic Dart            Conj           100%       1d8       1%          1
b - Blink                 Tloc           48%        N/A       5%          2
c - Mephitic Cloud        Conj/Pois/Air  45%        N/A       8%          3

Your spell library contained the following spells:

 Spells                   Type           Power      Damage    Failure   Level
 Momentum Strike          Conj/Tloc      100%       3d10      3%          2
 Lesser Beckoning         Tloc           48%        N/A       5%          2
 Cigotuvi's Dreadful Rot  Necr/Pois/Air  40%        N/A       8%          2
 Slow                     Hex            44%        N/A       9%          1
 Call Imp                 Summ           36%        N/A       9%          2
 Ensorcelled Hibernation  Hex/Ice        22%        N/A       13%         2
 Spider Form              Tmut/Pois      17%        N/A       17%         3
 Anguish                  Hex/Necr       5%         N/A       63%         4


Dungeon Overview and Level Annotations

Branches:
Dungeon (4/15)
 Temple: D:4-7

Altars:
Ashenzari
Xom
Zin

Annotations:
D:2 Duvessa
D:4 Ijyb


Message History

There is a stone staircase leading down here.
Casting: Blink (safe; 5% risk of failure)
Confirm with . or Enter, or press ? or * to list all spells.
You blink.
You hear a shout!
Casting: Blink (safe; 5% risk of failure)
Confirm with . or Enter, or press ? or * to list all spells.
You can't see any susceptible monsters within range! (Use Z to cast anyway.)
Okay, then.
Blink to where?
Press: ? - help, Dir - move target
As you read the scroll labelled MOPTEINION, it crumbles to dust.
It was a scroll of blinking.
You hear a shout!
As you read the scroll labelled ZIMMYF SYCREPRAON, it crumbles to dust.
It is a scroll of amnesia.
Really abort (and waste the scroll)?
Okay, then.
You feel stable enough to blink again.
The air fills with toxic fumes!
As you read the scroll labelled FAHEXZ ORHILOO, it crumbles to dust.
It was a scroll of poison.
Really walk into that cloud of poison gas? [Y]es or [N]o only, please.
Really walk into that cloud of poison gas? [Y]es or [N]o only, please.
Really walk into that cloud of poison gas?
Okay, then.
It was a potion of brilliance.
You feel clever all of a sudden. Duvessa closely misses you.
Casting: Blink (safe; 5% risk of failure)
Confirm with . or Enter, or press ? or * to list all spells.
Aiming: Magic Dart (safe; 1% risk of failure)
Press: ? - help, Shift-Dir - straight line, f - Duvessa
Aim: Duvessa, wielding a +0 rapier and wearing a +3 leather armour of poison resistance (poison gas, berserk, 100% to hit)
You feel a strong surge of power!
The magic dart hits Duvessa.
Duvessa is lightly wounded.
Duvessa closely misses you. Duvessa hits you with a +0 rapier!
You die...

#.#........######.########.######
................................#
#.#........######.########.####.#
#........########.## #.# #.#
#..................# #.# #.#
#........####......# #.# #.#
.........§§§.......# #.# #.#
....#....§§§§§############.# #.#
..#.#....§§§§§§§@e§§§§§§...# #.#
.........§§§§§§§§§§.§§§§...# #.#
....#....§§§§§§§§######§##.# #.#
...##....§§§§§§§§# #.§..# #.#
#..##....§§§§§§§§# #.#### #.#
...##.##.§§§§§§§§######e# #.#
.........§§§§§§§§§.....>##### #.#
#...#.##.§§§§§§§§######.....# #.#
#...#..+................#######.#


You could see Duvessa (berserk).

Vanquished Creatures
  Pikel (D:4)
  3 lemures (D:4)
  A wight (D:4)
  Dowan (D:4)
  A sleepcap (D:4)
  Jessica (D:2)
  Terence (D:3)
  An iguana (D:4)
  Natasha (thrice) (D:3)
  An orc wizard (D:3)
  Robin (D:4)
  A worm (D:3)
  5 dart slugs
  2 orcs (D:3)
  7 ball pythons
  5 endoplasms
  A giant cockroach (D:3)
  15 goblins
  8 hobgoblins
  6 kobolds
  2 quokkas (D:2)
  3 bats
  5 frilled lizards
  8 rats
83 creatures vanquished.

Notes
Turn   | Place    | Note
-------+----------+-------------------------------------------
     0 | D:1      | pk666 the Deep Elf Hedge Wizard began the quest for the
                  | Orb.
     0 | D:1      | Reached XP level 1. HP: 10/10 MP: 7/7
   112 | D:1      | Reached XP level 2. HP: 15/15 MP: 3/9
   940 | D:2      | Reached skill level 5 in Spellcasting
   962 | D:2      | Identified the +0 ring mail of Liupavuj {Str+3}
   967 | D:2      | Reached XP level 3. HP: 19/19 MP: 9/11
   970 | D:2      | Learned a level 2 spell: Blink
   974 | D:2      | Learned a level 3 spell: Mephitic Cloud
  1391 | D:2      | Noticed Jessica
  1395 | D:2      | Killed Jessica
  1396 | D:2      | Reached skill level 1 in Poison Magic
  1561 | D:2      | Found a faded altar of an unknown god.
  1611 | D:2      | Reached XP level 4. HP: 24/24 MP: 11/13
  1652 | D:2      | Reached skill level 1 in Air Magic
  2118 | D:3      | Noticed Terence
  2131 | D:3      | Killed Terence
  2469 | D:3      | Found a glowing silver altar of Zin.
  2708 | D:3      | Noticed Natasha
  2713 | D:3      | Killed Natasha
  2714 | D:3      | Reached XP level 5. HP: 28/28 MP: 9/15
  2918 | D:3      | Noticed Natasha
  2929 | D:3      | Killed Natasha
  3212 | D:3      | Noticed Natasha
  3216 | D:3      | Killed Natasha
  3217 | D:3      | Reached skill level 6 in Spellcasting
  3550 | D:4      | Found a shimmering altar of Xom.
  3603 | D:4      | Reached XP level 6. HP: 32/32 MP: 1/17
  3722 | D:4      | Noticed Dowan
  3722 | D:4      | Noticed Duvessa
  3746 | D:4      | Killed Dowan
  3747 | D:4      | Reached skill level 1 in Fire Magic
  3986 | D:4      | Noticed Robin
  3991 | D:4      | Killed Robin
  4194 | D:4      | Noticed Ijyb
  4195 | D:4      | Found a broken altar of Ashenzari.
  4350 | D:4      | Noticed Pikel
  4475 | D:4      | Killed Pikel
  4476 | D:4      | Reached skill level 7 in Spellcasting
  4476 | D:4      | Reached XP level 7. HP: 36/36 MP: 14/19
  4485 | D:4      | Reached skill level 5 in Conjurations
  4587 | D:2      | Slain by Duvessa

Illustrated notes

Levels and vault maps discovered:
D:1:      doesnt_arrival_eight_statues, layout_rooms, minmay_door_square
D:2:      layout_basic, ebering_ecumenical_altar_abandoned, uniq_jessica
D:3:      layout_loops_corners, zin_scriptorium, uniq_natasha, uniq_terence
D:4:      layout_basic, nzn_wu_jian_council_hall, nicolae_ashenzari_skybound,
          mainiacjoe_overflow_surrounded_room, serial_rivers,
          chequers_serial_rivers_small_3, chequers_serial_rivers_marsh,
          chequers_serial_rivers_room_a, chequers_serial_rivers_small_a,
          uniq_robin, uniq_duvessa, uniq_ijyb, uniq_pikel

Skill      XL: |  1  2  3  4  5  6  7 |
---------------+----------------------+-----
Conjurations   | 2 3 4 5 |  5.0
Translocations | 2 |  2.0
Spellcasting   | 5 6 7 |  7.4
Poison Magic   | 1 2 |  2.0
Air Magic      | 1 2 |  2.0
Fire Magic     | 3 |  3.3
Dodging        | 4 |  4.5
Stealth        | |  2.4
Summonings     | |  1.1

Action                     |  1- 3 |  4- 6 |  7- 9 || total
---------------------------+-------+-------+-------++-------
  Melee: Staff             |       |     2 |       ||     2
   Cast: Magic Dart        |    79 |   120 |     6 ||   205
         Mephitic Cloud    |       |     9 |       ||     9
         Blink             |       |     2 |     3 ||     5
    Use: Scroll            |       |     1 |     3 ||     4
         Potion            |       |       |     1 ||     1
   Stab: Confused          |       |     1 |       ||     1
 Armour: Robe              |       |     2 |       ||     2
  Dodge: Dodged            |     5 |    16 |     8 ||    29

Table legend: (Time is in decaauts)
 A = Elapsed time spent in this place.
 B = Non-inter-level travel time spent in this place.
 C = Inter-level travel time spent in this place.
 D = Time resting spent in this place.
 E = Time spent auto-exploring this place.
 F = Levels seen in this place.
 G = Mean time per level.
                   A        B        C        D        E       F      G
               +--------+--------+--------+--------+--------+-----+--------+
         Total |   4606 |   4461 |    145 |    968 |   2860 |   4 | 1151.5 |
       Dungeon |   4606 |   4461 |    145 |    968 |   2860 |   4 | 1151.5 |
               +--------+--------+--------+--------+--------+-----+--------+

Top non-repeatable levels by time:
     D:3: 1906 daAuts
     D:2: 1048 daAuts
     D:1: 908 daAuts
     D:4: 743 daAuts
